 Dungeon Crawl Stone Soup version 0.18-a0-1121-gb454403 (webtiles) character file.

32 Krauser the Skirmisher (level 3, 0/30 HPs)
             Began as a Mummy Fighter on Jan 19, 2016.
             Slain by a jackal (1 damage)
             ... on level 2 of the Dungeon.
             The game lasted 00:04:36 (1093 turns).

Krauser the Skirmisher (Mummy Fighter)              Turns: 1093, Time: 00:04:36

Health: 0/30       AC:  6    Str: 20    XL:     3   Next: 8%
Magic:  3/3        EV:  7    Int:  7    God:
Gold:   47         SH:  8    Dex: 11    Spells: 0 memorised, 2 levels left

rFire  x . .     SeeInvis .     a - +0 flail
rCold  + . .     Gourm    .     b - +0 scale mail
rNeg   + + +     Faith    .     c - +0 shield
rPois  ∞         Spirit   .     (no helmet)
rElec  .         Dismiss  .     (no cloak)
rCorr  .         Reflect  .     (no gloves)
SustAt .         Harm     .     (no boots)
MR     .....                    (no amulet)
Stlth  ..........               (no ring)
                                (no ring)

@: not resistant to hostile enchantments, extremely unstealthy
A: no food or potions, fire vulnerability, cold resistance 1, negative energy
resistance 3, torment resistance, unbreathing
a: no special abilities


You were on level 2 of the Dungeon.
You were not hungry.

You visited 1 branch of the dungeon, and saw 2 of its levels.

You collected 47 gold pieces.

Inventory:

Hand Weapons
 a - a +0 flail (weapon)
Missiles
 f - 78 stones (quivered)
 h - 18 sling bullets
Armour
 b - a +0 scale mail (worn)
 c - a +0 shield (worn)
Scrolls
 d - a scroll of fog {unknown}
 e - 6 scrolls of remove curse {unknown}
 g - 2 scrolls of identify {unknown}
 i - a scroll of teleportation {unknown}


   Skills:
 * Level 4.2 Fighting
 - Level 1.5 Maces & Flails
 - Level 2.4 Armour
 - Level 2.4 Shields


You had 2 spell levels left.
You didn't know any spells.

Dungeon Overview and Level Annotations

Branches:
Dungeon (2/15)

Altars:
Fedhas
Qazlal

Annotations:
D:2 Terence


Innate Abilities, Weirdness & Mutations

You do not eat or drink.
Your flesh is vulnerable to fire.
You are immune to poison.
Your flesh is cold resistant.
You are immune to negative energy.
You are immune to unholy pain and torment.
You can survive without breathing.


Message History

You block Terence's attack. The jackal closely misses you.
The giant newt bites you.
* * * LOW HITPOINT WARNING * * *
The jackal barely misses you. Terence hits you but does no damage.
You block the jackal's attack.
You closely miss the jackal. The jackal barely misses you.
The jackal bites you but does no damage.
The giant newt bites you.
* * * LOW HITPOINT WARNING * * *
Terence hits you but does no damage. You block the jackal's attack.
The jackal bites you but does no damage.
You barely miss the jackal. The giant newt barely misses you.
You block the jackal's attack. The jackal completely misses you.
Terence hits you but does no damage.
The jackal bites you but does no damage.
The giant newt closely misses you.
You closely miss Terence.
Terence is severely wounded.
The jackal bites you.
You die...

.# .... #.#.#
...... #.#.# .
..#.. #.#.##.#.
.... ..P.P...≈ #..
#.PPP..^≈
####..###PP_.$..§_
........@hPPPP§§≈
.####...@hl..P...^
.........####.#.##
..#.#.##.# #..! . #
#.####.# ##########
#....#.####......>.
#...........#######
#......######
###.####


You could see Terence, 2 jackals and a giant newt.

Vanquished Creatures
  An ooze (D:1)
  2 giant cockroaches (D:1)
  4 goblins
  5 hobgoblins (D:1)
  A ball python (D:2)
  6 bats
  3 kobolds (D:1)
  6 rats
28 creatures vanquished.

Notes
Turn   | Place    | Note
--------------------------------------------------------------
     0 | D:1      | Krauser the Mummy Fighter began the quest for the Orb.
     0 | D:1      | Reached XP level 1. HP: 18/18 MP: 1/1
   186 | D:1      | Reached XP level 2. HP: 22/25 MP: 2/2
   592 | D:1      | Reached skill level 4 in Fighting
   909 | D:1      | Reached XP level 3. HP: 28/30 MP: 3/3
  1057 | D:2      | Found a blossoming altar of Fedhas.
  1061 | D:2      | Found a stormy altar of Qazlal.
  1070 | D:2      | Noticed Terence
  1091 | D:2      | HP: 1/30 [giant newt (2)]
  1093 | D:2      | Slain by a jackal

Vault maps used:
D:1:      dpeg_arrival_shelter, serial_bayou_pond_c
D:2:      grunt_temple_overflow_forces_of_nature, overflow_temple_1_default,
          serial_bayou_pond_a, elyvilon_altar_4, uniq_jessica, uniq_terence

Action                   || total
-------------------------++-------
Melee: Flail             ||   143
